 Dungeon Crawl Stone Soup version 0.31.0-32-g396128a36d (webtiles) character file.

Game seed: 15430132216786486286

340 gohu the Ducker (level 6, -9/40 HPs)
             Began as a Djinni Fire Elementalist on Mar 17, 2024.
             Mangled by an ice beast (10 damage)
             ... on level 3 of the Dungeon.
             The game lasted 00:04:24 (2768 turns).

gohu the Ducker (Djinni Fire Elementalist)          Turns: 2768, Time: 00:04:24

Health: -9/40      AC:  4    Str:  7    XL:     6   Next: 87%
Gold:   122        EV: 13    Int: 18    God:
                   SH:  0    Dex: 14

rFire   + + .        (no weapon)
rCold   x . .        (no shield)
rNeg    . . .        a - +0 robe
rPois   ∞            j - +0 helmet
rElec   .            f - +0 cloak
rCorr   .            (no gloves)
SInv    .            (boots unavailable)
Will    .....        n - amulet of the acrobat
Stlth   ++           (no ring)
HPRegen 0.26/turn    (no ring)
MPRegen 0.00/turn

%: acrobat, infuse magic (-10 HP)
@: flying
A: sickness immunity, fire resistance 2, cold vulnerability 1, float, innate
caster, HP casting, extra vitality 1
a: no special abilities


You were on level 3 of the Dungeon.
You visited 1 branch of the dungeon, and saw 3 of its levels.

You collected 122 gold pieces.

Inventory:

Armour
 a - a +0 robe (worn)
 f - a +0 cloak (worn)
 j - a +0 helmet (worn)
Jewellery
 g - an amulet of faith
 n - an amulet of the acrobat (around neck)
Scrolls
 b - a scroll of immolation {unknown}
 c - 2 scrolls of torment {unknown}
 d - 2 scrolls of vulnerability {unknown}
 i - a scroll of identify {unknown}
 l - 2 scrolls of teleportation {unknown}
 m - a scroll of fog {unknown}
Potions
 e - 2 potions of cancellation {unknown}
 h - 2 potions of attraction {unknown}
 k - 2 potions of curing {unknown}


   Skills:
 + Level 4.5 Dodging
 + Level 3.6 Stealth
 + Level 4.2 Spellcasting
 + Level 4.2 Conjurations
 + Level 4.2 Hexes
 + Level 4.2 Summonings
 + Level 4.2 Necromancy
 + Level 4.2 Translocations
 + Level 4.2 Fire Magic
 + Level 4.2 Ice Magic
 + Level 4.2 Air Magic
 + Level 4.2 Earth Magic
 + Level 4.2 Alchemy


You knew the following spells:

 Your Spells              Type           Power      Damage    Failure   Level
a - Foxfire               Conj/Fire      76%        2x1d7     2%          1
b - Searing Ray           Conj           38%        2d5       3%          2
c - Flame Wave            Conj/Fire      19%        2d7       26%         4
d - Inner Flame           Hex/Fire       19%        N/A       8%          3
e - Volatile Blastmotes   Fire/Tloc      38%        2d13      8%          3
f - Summon Small Mammal   Summ           76%        N/A       2%          1
g - Scorch                Fire           38%        2d6       3%          2
Your spell library was empty.

Dungeon Overview and Level Annotations

Branches:
Dungeon (3/15)

Altars:


Innate Abilities, Weirdness & Mutations

You are immune to sickness and miasma.
You are immune to poison.
Your flesh is very heat resistant. (rF++)
You are vulnerable to cold. (rC-)
You float through the air rather than walking.
You learn spells naturally, not from books.
Your magical power is your life essence.
You have superior vitality. (+4 MHP)


Message History

Casting: Foxfire (safe; 2% risk of failure)
Confirm with . or Enter, or press ? or * to list all spells.
You conjure some foxfire!
The ice beast hits you. The ice beast freezes you!
You feel a terrible chill!
The foxfire hits the ice beast but does no damage.
The ice beast is severely wounded.
The foxfire hits the ice beast but does no damage.
The ice beast is severely wounded.
The ice beast hits you. The ice beast freezes you!
You feel a terrible chill!
* * * LOW HITPOINT WARNING * * *
Casting: Foxfire (safe; 2% risk of failure)
Confirm with . or Enter, or press ? or * to list all spells.
You conjure some foxfire!
* * * LOW HITPOINT WARNING * * *
The ice beast closely misses you.
The foxfire hits the ice beast.
The ice beast melts!
The ice beast is almost dead.
The foxfire hits the ice beast but does no damage.
The ice beast is almost dead.
The ice beast completely misses you.
Okay, then.
Casting: Foxfire (safe; 2% risk of failure)
Confirm with . or Enter, or press ? or * to list all spells.
Aiming: Inner Flame (dangerous; 8% risk of failure)
Press: ? - help, Dir - move target, f - ice beast
Aim: an ice beast (almost dead, chance to affect: 74%)
The ice beast struggles to resist.
* * * LOW HITPOINT WARNING * * *
The ice beast barely misses you.
Casting: Inner Flame (dangerous; 8% risk of failure)
Confirm with . or Enter, or press ? or * to list all spells.
Aiming: Inner Flame (dangerous; 8% risk of failure)
Press: ? - help, Dir - move target, f/p - ice beast
Aim: an ice beast (almost dead, chance to affect: 74%)
The ice beast is filled with an inner flame.
* * * LOW HITPOINT WARNING * * *
The ice beast hits you.
* * * LOW HITPOINT WARNING * * *
The ice beast freezes you!
You feel a terrible chill!
You die...

#.......#.# #.####...#####
#............#
#..####.####.#####
#....##.#...#..... #
##....#.#.#....### ...
##..........#.....
#.#..#######.........#....##.
#......Y@........##.#.##.
#.#..#######.......#......##.
... ##.....##.##...##. #
#....###.##...##.
#.###>##.##...##. #.#
#......<.....
#.###.#.####.#### ##...##.# #
######.# #


You could see an ice beast (inner flame).

Vanquished Creatures
  Grinder (D:3)
  A bombardier beetle (D:3)
  Jessica (D:3)
  Robin (D:2)
  A gnoll (D:1)
  2 adders
  2 ribbon worms
  A dart slug (D:3)
  5 endoplasms
  3 giant cockroaches
  14 goblins
  5 hobgoblins
  A quokka (D:2)
  5 ball pythons
  3 bats
  3 frilled lizards
  3 kobolds
  A rat (D:1)
53 creatures vanquished.

Vanquished Creatures (collateral kills)
  A foxfire (D:1)
1 creature vanquished.

Vanquished Creatures (others)
  110 foxfires
110 creatures vanquished.

Grand Total: 164 creatures vanquished

Notes
Turn   | Place    | Note
-------+----------+-------------------------------------------
     0 | D:1      | gohu the Djinni Fire Elementalist began the quest for the
                  | Orb.
     0 | D:1      | gohu set off with the following spells memorised: Foxfire,
                  | Scorch, Volatile Blastmotes, Inner Flame, Flame Wave.
     0 | D:1      | Reached XP level 1. HP: 15/15 MP: 0/0
    67 | D:1      | Reached XP level 2. HP: 9/21 MP: 0/0
   440 | D:1      | Reached XP level 3. HP: 24/25 MP: 0/0
   440 | D:1      | Learned a level 1 spell: Summon Small Mammal
   557 | D:1      | Found a faded altar of an unknown god.
  1602 | D:2      | Noticed Robin
  1618 | D:2      | Killed Robin
  1619 | D:2      | Reached XP level 4. HP: 22/31 MP: 0/0
  2128 | D:3      | Noticed Jessica
  2133 | D:3      | Killed Jessica
  2134 | D:3      | Reached XP level 5. HP: 34/35 MP: 0/0
  2134 | D:3      | Learned a level 2 spell: Searing Ray
  2682 | D:3      | Noticed Grinder
  2692 | D:3      | Paralysed by Grinder for 2 turns
  2693 | D:3      | Killed Grinder
  2694 | D:3      | Reached XP level 6. HP: 35/40 MP: 0/0
  2747 | D:3      | Noticed an ice beast
  2768 | D:3      | HP: 1/40 [ice beast (2)]
  2768 | D:3      | Mangled by an ice beast

Illustrated notes

Levels and vault maps discovered:
D:1:      mrwooster_arrival_statue_3, layout_basic,
          ebering_ecumenical_altar_petrified, chequers_jeans
D:2:      layout_loops_corners, uniq_robin
D:3:      layout_loops_ring, serial_glass, glass_columns_a, glass_columns_b,
          glass_columns_b, glass_columns_a, uniq_jessica, uniq_grinder

Skill      XL: |  1  2  3  4  5 |
---------------+----------------+-----
Stealth        | 2 3 |  3.6
Dodging        | 3 4 |  4.5
Spellcasting   | 4 |  4.2
Conjurations   | 4 |  4.2
Hexes          | 4 |  4.2
Summonings     | 4 |  4.2
Necromancy     | 4 |  4.2
Translocations | 4 |  4.2
Fire Magic     | 4 |  4.2
Ice Magic      | 4 |  4.2
Air Magic      | 4 |  4.2
Earth Magic    | 4 |  4.2
Alchemy        | 4 |  4.2

Action                     |  1- 3 |  4- 6 || total
---------------------------+-------+-------++-------
  Melee: Unarmed           |    10 |       ||    10
   Cast: Foxfire           |    54 |    18 ||    72
         Scorch            |     2 |     9 ||    11
         Volatile Blastmot |       |     3 ||     3
         Searing Ray       |       |     7 ||     7
         Inner Flame       |       |     2 ||     2
 Armour: Robe              |    10 |    12 ||    22
  Dodge: Dodged            |     8 |    17 ||    25
